AoeStats
← raw0000

African Clearing

510498692Analyzed
4v4 RM · 1d ago on Oct 1, 2026· 81m 28s· 8 players
Game mode
Random Map
Map size
Large (8 player)
Population
200
Speed
Normal
Resources
Standard
Victory
Conquest
Starting age
Dark Age
Ending age
Imperial Age
RankedLock teamsTeams togetherTeam positionsShared explorationLock speedFull tech treeHidden civsTurbo modeCheats
Victory
Defeat
🇩🇪 Malians · Germany
1256
+12
🇮🇳 Vietnamese · India
1216
+14
🇨🇳 Britons · China
1210
+14
🇺🇸 Magyars · United States
1197
+15
🇨🇳 Magyars · China
1261
-17
🇵🇰 Mongols · Pakistan
1172
-14
🇩🇪 Varangians · Germany
1137
-12
🇪🇸 Malians · Spain
1119
-12
kneehao
8:53 Loom
14:52 Feudal Age
19:35 Castle Age
21:29 Horse Collar
21:36 Double-Bit Axe
31:21 Heavy Plow
37:42 Imperial Age
35:28 Thumb Ring
36:22 Fletching
36:33 Padded Archer Armor
37:13 Bow Saw
37:31 Bodkin Arrow
38:13 Gold Mining
38:46 Bracer
39:28 Conscription
40:18 Parthian Tactics
40:10 Leather Archer Armor
40:56 Ballistics
41:36 Chemistry
41:45 Wheelbarrow
40:55 Town Watch
41:23 Bloodlines
41:14 Husbandry
41:28 Recurve Bow
42:08 Gold Shaft Mining
41:54 Stone Mining
42:40 Ring Archer Armor
43:41 Two-Man Saw
44:47 Siege Engineers
44:22 Heavy Cavalry Archer
45:42 Scale Barding Armor
47:01 Masonry
46:32 Treadmill Crane
47:29 Corvinian Army
47:50 Elite Magyar Huszar
49:43 Hand Cart
51:32 Chain Barding Armor
53:48 Crop Rotation
54:16 Plate Barding Armor
54:32 Murder Holes
62:38 Town Patrol
63:06 Capped Ram
65:17 Capped Ram
MZTK / Dampflok
老头
raw0000
theotherside
9:52 Loom
15:43 Feudal Age
17:45 Double-Bit Axe
20:22 Castle Age
18:29 Horse Collar
19:34 Forging
19:57 Bloodlines
20:55 Town Watch
20:49 Light Cavalry
21:44 Bow Saw
22:32 Heavy Plow
26:04 Wheelbarrow
29:43 Gold Mining
30:35 Hand Cart
31:05 Stone Mining
31:41 Treadmill Crane
35:09 Imperial Age
33:51 Fletching
34:34 Squires
34:51 Masonry
35:28 Iron Casting
34:54 Scale Mail Armor
35:31 Gothikon
35:36 Elite Varangian Guard
37:49 Blast Furnace
37:05 Siege Engineers
37:31 Architecture
37:02 Arson
37:05 Gambesons
38:27 Crop Rotation
38:21 Conscription
38:56 Chain Mail Armor
39:54 Stone Shaft Mining
40:16 Plate Mail Armor
40:37 Town Patrol
41:37 Bodkin Arrow
42:45 Chemistry
42:48 Two-Man Saw
43:47 Bracer
43:20 Capped Ram
44:31 Ballistics
45:03 Heavy Scorpion
47:55 Cavalier
48:36 Husbandry
49:14 Vendel Legacy
50:14 Scale Barding Armor
53:25 Chain Barding Armor
58:54 Plate Barding Armor
75:20 Siege Ram
Mameluco adbuser
Hamid9514
帝国F.海峰
Connection lost

Rejoining the realm…

Still unreachable

The connection could not be restored.

Session expired

The server has moved on; the page needs a fresh start.